 Dungeon Crawl Stone Soup version 0.24.0-13-gcf9b319 (webtiles) character file.

Game seed: 164623771455242050, levelgen mode: deterministic

2002 silenth the Carver (level 9, -8/64 HPs)
             Began as an Octopode Fighter on Apr 5, 2020.
             Was a Follower of Ru.
             Mangled by Joseph
             ... wielding a +0 quarterstaff
              (20 damage)
             ... on level 7 of the Dungeon.
             The game lasted 00:06:19 (6344 turns).

silenth the Carver (Octopode Fighter)               Turns: 6344, Time: 00:06:20

Health: -8/64      AC:  2    Str: 21    XL:     9   Next: 22%
Magic:  9/9        EV: 17    Int: 10    God:    Ru [*.....]
Gold:   282        SH: 10    Dex: 19    Spells: 8/8 levels left

rFire    . . .     SeeInvis .   o - +6 falchion "Rebug" {slice, MR+ Str+5 Stlth-}
rCold    . . .     Gourm    .   b - +0 shield
rNeg     . . .     Faith    .   u - +1 hat
rPois    .         Spirit   .   (no amulet)
rElec    .         Reflect  .   (no ring)
rCorr    .         Harm     .   (no ring)
MR       +....                  (no ring)
Stlth    ++++......             (no ring)
HPRegen  0.20/turn              (no ring)
MPRegen  0.11/turn              (no ring)
                                (no ring)
                                (no ring)

@: agile
A: almost no armour, stealthy swim, amphibious, 8 rings, constrict 8, camouflage
1, gelatinous body 1, hated by all
a: Renounce Religion


You were on level 7 of the Dungeon.
You worshipped Ru.
Ru was aware of your devotion.
You were hungry.

You visited 2 branches of the dungeon, and saw 8 of its levels.

You collected 282 gold pieces.

Inventory:

Hand Weapons
 a - a +2 long sword
 o - the +6 falchion "Rebug" (weapon) {slice, MR+ Str+5 Stlth-}
   (You found it on level 7 of the Dungeon)

   It inflicts extra damage upon your enemies.
   It affects your strength (+5).
   It affects your resistance to hostile enchantments.
   It makes you less stealthy.
Armour
 b - a +0 shield (worn)
 u - a +1 hat (worn)
Wands
 p - a wand of iceblast (12)
 q - a wand of flame (39)
 w - a wand of acid (6)
Scrolls
 d - 2 scrolls of teleportation
 f - 2 scrolls of amnesia {unknown}
 g - a scroll of magic mapping
 h - a scroll of enchant armour {unknown}
 i - a scroll of identify
 n - 3 scrolls of enchant weapon
 r - 3 scrolls of remove curse
 t - a scroll of immolation {unknown}
 v - a scroll of fog {unknown}
Potions
 c - 2 potions of brilliance
 j - a potion of agility
 k - a potion of might
 l - a potion of magic
 m - a potion of degeneration {unknown}
 s - a potion of invisibility
Comestibles
 e - 12 rations


   Skills:
 + Level 7.2 Fighting
 * Level 9.5 Long Blades
 - Level 3.0 Dodging
 - Level 4.0 Stealth
 - Level 3.0 Shields


You had 8 spell levels left.
You didn't know any spells.
Your spell library was empty.

Dungeon Overview and Level Annotations

Branches:
Dungeon (7/15)             Temple (1/1) D:7

Altars:
Cheibriados
Dithmenos
Elyvilon
Fedhas
Gozag
Hepliaklqana
Kikubaaqudgha
Nemelex Xobeh
Okawaru
Qazlal
Ru
Sif Muna
Trog
Uskayaw
Vehumet
Xom
Yredelemnul
Zin
The Shining One

Annotations:
D:5 2 transporters
D:7 Joseph


Innate Abilities, Weirdness & Mutations

You cannot wear most types of armour.
You are very stealthy in the water. (Stealth+)
You are amphibious.
You can wear up to eight rings at the same time.
You can use your tentacles to constrict eight enemies at once.
Your skin changes colour to match your surroundings (Stealth+).
Your rubbery body absorbs attacks. (AC +1, EV +1)
You are hated by all.


Message History

Joseph is lightly wounded.
Joseph hits you with a +0 quarterstaff!
You hit Joseph. Your grab misses Joseph.
Joseph is lightly wounded.
Joseph hits you with a +0 quarterstaff!
You slash Joseph! Your grab misses Joseph. You squeeze Joseph!
Joseph is moderately wounded.
Joseph hits you with a +0 quarterstaff!
* * * LOW HITPOINT WARNING * * *
You feel agile all of a sudden.
You slash Joseph! Your grab misses Joseph.
Joseph is heavily wounded.
You block Joseph's attack.
You barely miss Joseph. Your grab misses Joseph. You squeeze Joseph.
Joseph is heavily wounded.
You block Joseph's attack.
You completely miss Joseph. Your grab misses Joseph. You squeeze Joseph.
Joseph is heavily wounded.
Joseph hits you with a +0 quarterstaff!!
You die...

.......###...#
#......## ##..##
......###.)..#
#...#.## ##...#
.....##
#.....###.###.#
##....## .....#
#.##..###.#
#.####....... .....
#.##..####.#...##..#.
.)..
#.#..##≈≈.≈≈...#..##
#....##≈▒'▒≈...##.#
#...#..+⚑+....# .#
#.@(..≈▒+▒≈....#..
#...@#...≈≈.≈≈........
##.#####.##.###......
#. #....# #..... ..
)....# .###. ..
.###..# . . #.. ##


You could see Joseph.

Vanquished Creatures
  Grinder (D:4)
  Menkaure (D:7)
  Duvessa (D:7)
  A sky beast (D:5)
  A phantom (D:4)
  2 ogres
  A centaur (D:7)
  A bullfrog (D:6)
  Dowan (D:7)
  2 scorpions
  2 howler monkeys
  4 crimson imps
  A bullfrog zombie (D:5)
  2 bullfrog skeletons
  2 hounds
  An orc priest (D:6)
  A jelly (D:6)
  2 orc wizards (D:6)
  An iguana (D:7)
  Jessica (D:3)
  Ijyb (D:4)
  6 worker ants
  A worker ant zombie (D:5)
  Robin (D:3)
  5 adders
  2 oozes
  An adder zombie (D:7)
  2 worms
  5 dart slugs
  5 leopard geckos
  8 orcs
  4 giant cockroaches
  16 goblins
  13 hobgoblins
  35 jackals
  3 quokkas
  7 bats
  3 frilled lizards
  A jackal skeleton (D:5)
  7 kobolds
  A leopard gecko skeleton (D:5)
  A quokka zombie (D:5)
  13 rats
170 creatures vanquished.

Notes
Turn   | Place    | Note
-------+----------+-------------------------------------------
     0 | D:1      | silenth the Octopode Fighter began the quest for the Orb.
     0 | D:1      | Reached XP level 1. HP: 16/16 MP: 1/1
   250 | D:1      | Reached XP level 2. HP: 21/21 MP: 2/2
   454 | D:1      | Reached skill level 3 in Long Blades
   492 | D:1      | Reached XP level 3. HP: 24/26 MP: 3/3
  1132 | D:2      | Noticed an ogre
  1142 | D:2      | Killed an ogre
  1142 | D:2      | Reached skill level 4 in Fighting
  1142 | D:2      | Reached skill level 4 in Long Blades
  1142 | D:2      | Reached XP level 4. HP: 31/33 MP: 4/4
  1142 | D:2      | Reached XP level 5. HP: 35/37 MP: 5/5
  1596 | D:3      | Noticed Robin
  2081 | D:3      | Killed Robin
  2331 | D:3      | Noticed Jessica
  2338 | D:3      | Killed Jessica
  2338 | D:3      | Reached skill level 5 in Long Blades
  2338 | D:3      | Reached XP level 6. HP: 41/44 MP: 6/6
  2662 | D:3      | You fall into a shaft and drop 1 floor!
  2711 | D:4      | Noticed Grinder
  2716 | D:4      | Found a sparkling altar of Nemelex Xobeh.
  2717 | D:4      | Noticed a phantom
  2736 | D:4      | HP: 6/66 [poisoned by a scorpion]
  2741 | D:4      | HP: 5/66 [poisoned by a scorpion]
  2744 | D:4      | Killed Grinder
  2744 | D:4      | Reached skill level 5 in Fighting
  2744 | D:4      | Reached skill level 6 in Long Blades
  2744 | D:4      | Reached XP level 7. HP: 5/50 MP: 7/7
  2747 | D:4      | HP: 5/75 [poisoned by a scorpion]
  2756 | D:4      | HP: 4/75 [poisoned by a scorpion]
  2762 | D:4      | HP: 4/75 [poisoned by a scorpion]
  2768 | D:4      | HP: 4/75 [poisoned by a scorpion]
  3438 | D:3      | Reached skill level 7 in Long Blades
  3556 | D:4      | You fall into a shaft and drop 3 floors!
  3557 | D:7      | Noticed Dowan
  3557 | D:7      | Noticed Duvessa
  3568 | D:7      | Killed Duvessa
  3573 | D:7      | Killed Dowan
  3573 | D:7      | Reached XP level 8. HP: 23/57 MP: 8/8
  3642 | D:7      | Got a crystal falchion
  3649 | D:7      | Identified the +6 falchion "Rebug" {slice, MR+ Str+5
                  | Stlth-} (You found it on level 7 of the Dungeon)
  3722 | D:7      | Noticed Menkaure
  3727 | D:7      | Killed Menkaure
  3727 | D:7      | Reached skill level 6 in Fighting
  3727 | D:7      | Reached skill level 1 in Stealth
  3747 | D:7      | Found a staircase to the Ecumenical Temple.
  3758 | Temple   | Entered the Ecumenical Temple
  3799 | Temple   | Became a worshipper of Ru the Awakened
  3836 | D:7      | Reached skill level 2 in Stealth
  4034 | D:6      | Found a shadowy altar of Dithmenos.
  4085 | D:6      | Reached skill level 8 in Long Blades
  4126 | D:6      | Found a shimmering altar of Xom.
  4246 | D:5      | Entered Level 5 of the Dungeon
  4279 | D:5      | Reached skill level 3 in Stealth
  4554 | D:5      | Found a shimmering blue altar of Sif Muna.
  4622 | D:5      | Found a transporter.
  4622 | D:5      | Found a transporter.
  4623 | D:5      | Noticed a deep elf mage
  4655 | D:5      | Reached skill level 4 in Stealth
  4836 | D:5      | Found a white marble altar of Elyvilon.
  4921 | D:5      | Gained mutation: You are hated by all. [Ru sacrifice]
  4921 | D:5      | Reached * piety under Ru
  5053 | D:4      | Noticed Ijyb
  5057 | D:4      | Reached skill level 9 in Long Blades
  5059 | D:4      | Killed Ijyb
  5059 | D:4      | Reached XP level 9. HP: 63/63 MP: 9/9
  5598 | D:6      | Reached skill level 7 in Fighting
  6170 | D:7      | Found a radiant altar of Vehumet.
  6173 | D:7      | Found a shimmering blue altar of Sif Muna.
  6176 | D:7      | Found a basalt altar of Yredelemnul.
  6328 | D:7      | Found a bloodstained altar of Trog.
  6334 | D:7      | Noticed Joseph
  6344 | D:7      | Mangled by Joseph

Levels and vault maps discovered:
D:1:      ncdulo_wetmaze, layout_loops_corners
D:2:      layout_loops_ring, serial_bayou_pond_a, serial_bayou_ford_a,
          minivault_26
D:3:      minmay_evil_eye, layout_basic, serial_aquarium, aquarium_bridge_square
          [aquarium_subvault_wall, aquarium_subvault_window,
          aquarium_subvault_bridge, aquarium_subvault_window],
          aquarium_window_2, aquarium_window_1, aquarium_window_1,
          aquarium_window_2, aquarium_view_2c, aquarium_pool_corner,
          first_ration, kennysheep_pointless_box, kennysheep_generic_room_16,
          uniq_robin, uniq_jessica
D:4:      layout_cave_pools, nemelex_xobeh_ov_fountains_minmay,
          supply_closet_lemuel, uniq_grinder, uniq_ijyb
D:5:      layout_loops_ring, gammafunk_temple_overflow_arena, basic_altar,
          nicolae_underground_beach
D:6:      layout_basic, nicolae_dithmenos_shadow_blocks,
          nicolae_overflow_hidden_temple
D:7:      layout_layer_cave, kennysheep_mini_moat,
          grunt_temple_overflow_diamond, minmay_temple_entry_drinking_statues,
          uniq_joseph, uniq_crazy_yiuf_cottage, uniq_menkaure, uniq_duvessa
Temple:   chequers_temple_sunken

Skill      XL: |  1  2  3  4  5  6  7  8  9 |
---------------+----------------------------+-----
Long Blades    | 3 4 5 6 7 9 |  9.5
Fighting       | 4 5 6 7 |  7.2
Stealth        | 4 |  4.0
Dodging        | |  3.0
Shields        | |  3.0

Action                   |  1- 3 |  4- 6 |  7- 9 || total
-------------------------+-------+-------+-------++-------
Melee: Long sword        |    64 |    94 |    42 ||   200
       Constrict         |    22 |    25 |    46 ||    93
       Tentacles         |    14 |    20 |    43 ||    77
       Falchion          |       |       |   126 ||   126
Invok: Sacrifice Love    |       |       |     1 ||     1
  Use: Potion            |       |     5 |     3 ||     8
       Scroll            |       |       |    10 ||    10
 Stab: Sleeping          |     6 |     1 |     9 ||    16
       Distracted        |       |       |     1 ||     1
  Eat: Chunk             |     1 |     5 |     7 ||    13
       Ration            |       |       |     1 ||     1
Armor: Skin              |     4 |     4 |    19 ||    27
Dodge: Dodged            |    24 |    42 |    51 ||   117
Block: Shield            |    27 |    44 |    70 ||   141
       Rpst.: Long sword |     7 |    12 |     4 ||    23
       Falchion          |       |       |    13 ||    13
